 Dungeon Crawl Stone Soup version 0.28.0-45-g0d030f2227 (webtiles) character file.

Game seed: 859260575663296684

12549 demenzo the Spear-Bearer (level 11, -8/101 HPs)
             Began as a Minotaur Cinder Acolyte on Apr 10, 2022.
             Was an Elder of Ignis.
             Hit by a javelin thrown by a minotaur (15 damage)
             ... in a Gauntlet.
             The game lasted 00:20:14 (10293 turns).

demenzo the Spear-Bearer (Minotaur Cinder Acolyte) Turns: 10293, Time: 00:20:14

Health: -8/101     AC: 30    Str: 19    XL:     11   Next: 63%
Magic:  11/11      EV:  8    Int: 19    God:    Ignis [****..]
Gold:   218        SH:  0    Dex: 10    Spells: 12/12 levels left

rFire   + . .      SeeInvis +   a - +10 quarterstaff of the Hand {drain, rPois rC+ Int+8}
rCold   + . .      Faith    .   (shield currently unavailable)
rNeg    . . .      Spirit   .   F - +8 chain mail of Hizo Ebu {Regen+}
rPois   +          Reflect  .   o - +2 hat
rElec   .          Harm     .   (no cloak)
rCorr   .          Rampage  .   G - +0 pair of gloves
Will    .....      NoTele   +   (no boots)
Stlth   ..........              E - amulet of regeneration
HPRegen 1.86/turn               p - ring of see invisible
MPRegen 0.12/turn               (no ring)

@: lethally poisoned (-8 -> -9), fiery-armoured, invisible
A: horns 2, retaliatory headbutt
a: Renounce Religion, Fiery Armour, Foxfire Swarm, Rising Flame


You were in a Gauntlet.
You worshipped Ignis.
Ignis was greatly pleased with you.
You visited 1 branch of the dungeon, and saw 11 of its levels.
You also visited: Sewer and Gauntlet.

You collected 716 gold pieces.
You spent 498 gold pieces at shops.

Inventory:

Hand Weapons
 a - the +10 quarterstaff of the Hand (weapon) {drain, rPois rC+ Int+8}
   (You found it on level 2 of the Dungeon)

   A truly terrible weapon, it drains the life of any living foe it strikes.
   Int:       It affects your intelligence (+8).
   rC:        It protects you from cold.
   rPois:     It protects you from poison.
 b - a +2 hunting sling of freezing
 f - a +3 arbalest of flaming
 r - a +0 hand axe of flaming
Missiles
 g - 126 bolts
 h - 99 sling bullets
 y - 4 javelins (quivered)
 J - 3 throwing nets
 N - 6 curare-tipped darts
Armour
 j - a +1 robe of willpower
 o - a +2 hat (worn)
 w - a +2 ring mail of poison resistance
 F - the +8 chain mail of Hizo Ebu (worn) {Regen+}
   (You found it on level 6 of the Dungeon)

   Regen:     It increases your rate of health regeneration.
 G - a +0 pair of gloves (worn)
 U - the +2 pair of boots of Circular Logic {*Slow rC+ Int+7}
   (You bought it in a shop on level 10 of the Dungeon)

   Int:       It affects your intelligence (+7).
   rC:        It protects you from cold.
   *Slow:     It may slow you when you take damage.
Jewellery
 p - a ring of see invisible (left hand)
 x - a +6 ring of intelligence
 D - a ring of protection from cold
 E - an amulet of regeneration (around neck)
 M - a ring of flight
 Q - a ring of ice
Wands
 n - a wand of paralysis (12)
 H - a wand of flame (15)
 K - a wand of acid (9)
 P - a wand of charming (6)
Scrolls
 d - 2 scrolls of immolation
 e - 2 scrolls of magic mapping
 k - 2 scrolls of enchant weapon
 m - 4 scrolls of identify
 s - a scroll of fog
 u - 5 scrolls of teleportation
 I - a scroll of holy word
Potions
 c - 2 potions of invisibility
 l - 2 potions of mutation
 q - 2 potions of lignification
 t - 2 potions of brilliance
 v - a potion of resistance
 A - 6 potions of curing
 B - a potion of might
 C - 3 potions of attraction
 L - a potion of ambrosia
 R - 6 potions of flight
 S - a potion of haste
 T - a potion of magic
Miscellaneous
 i - a condenser vane


   Skills:
 + Level 10.8 Fighting
 - Level 4.8(10.1) Axes
 * Level 13.6(15.2) Polearms
 + Level 9.8(13.0) Staves
 + Level 10.1 Armour
 - Level 1.0 Dodging
 - Level 1.0 Spellcasting
 - Level 2.1 Fire Magic


You had 12 spell levels left.
You didn't know any spells.
Your spell library contained the following spells:

 Spells                   Type           Power      Damage    Failure   Level
 Scorch                   Fire           18%        2d5       65%         2
 Ignite Poison            Fire/Tmut/Pois 3%         N/A       97%         3
 Call Canine Familiar     Summ           0%         N/A       99%         3
 Mephitic Cloud           Conj/Pois/Air  0%         N/A       99%         3
 Portal Projectile        Hex/Tloc       0%         N/A       99%         3
 Cause Fear               Hex            0%         N/A       100%        4
 Leda's Liquefaction      Hex/Erth       0%         N/A       100%        4
 Freezing Cloud           Conj/Ice/Air   0%         6-21      100%        5
 Dragon Form              Tmut           0%         N/A       100%        7
 Dragon's Call            Summ           0%         N/A       100%        9


Dungeon Overview and Level Annotations

Branches:
Dungeon (11/15)            Temple (0/1) D:5            Lair (0/6) D:10
    Orc (0/2) D:11          Sewer (visited)         Gauntlet (1/1)

Altars:
Ashenzari
Cheibriados
Fedhas
Hepliaklqana
Nemelex Xobeh
Sif Muna
Trog
Uskayaw
Vehumet
Beogh

Shops:
D:5 *   D:9 =   D:10 *![=

Annotations:
D:2 1 runed translucent door, Crazy Yiuf Gauntlet 7 transporters, 2 runed translucent doors


Innate Abilities, Weirdness & Mutations

You have a pair of horns on your head.
You reflexively headbutt those who attack you in melee.


Message History

You headbutt the minotaur, but do no damage.
The minotaur is moderately wounded.
The minotaur hits you but does no damage.
You are poisoned.
The minotaur is burned by your cloak of flames.
The minotaur is moderately wounded.
The minotaur gores you but does no damage.
You sock the minotaur! Your headbutt misses the minotaur.
The minotaur is heavily wounded.
You feel sick.
The minotaur hits you with the +8 scimitar of Exyr {venom, rN+++ rCorr MP-9 Dex-5}!!
* * * LOW HITPOINT WARNING * * *
The minotaur gores you.
* * * LOW HITPOINT WARNING * * *
Unknown command.
Unknown command.
You fade into invisibility!
You feel sick.
The minotaur hits you with the +8 scimitar of Exyr {venom, rN+++ rCorr MP-9 Dex-5}.
* * * LOW HITPOINT WARNING * * *
The minotaur gores you.
* * * LOW HITPOINT WARNING * * *
You catch the helpless minotaur completely off-guard!
You thump the minotaur! You headbutt the minotaur.
The minotaur is severely wounded.
You feel sick.
Unknown command.
You sock the minotaur!
The minotaur is almost dead.
You feel sick.
The minotaur hits you with the +8 scimitar of Exyr {venom, rN+++ rCorr MP-9 Dex-5}!
* * * LOW HITPOINT WARNING * * *
The minotaur barely misses you.
Unknown command.
Unknown command.
You hit the minotaur but do no damage.
You headbutt the minotaur, but do no damage.
The minotaur is almost dead.
The minotaur throws a javelin.
The javelin pierces through you!
You die...

.#©#..#..###≈##
#######...#≈≈≈#
.#©..8#...#...######
.#...©#.8.#...##...#
.#©..8#.⌠.#.8.##.#.#
#######.8.#.©....#.#
......#...#.8.##.#.#
8.8.⌠.#...#.©.##.H.#
...)..#.8.#.8.##@#.#
#.©.#.#.∩.#.©....#.'.
......#.8.#.8.##.#.##∩H
#.#.#.#...#.©.##...#
.⌠.
).©...#...#.8.##.#.# +#
#######.8.#.©....#.#
.#©..8#.⌠.#.8.##.#.#
.#...§#.8.#...##..
.#©..8#...#...# ##


You could see a minotaur.

Vanquished Creatures
  Harold (D:7)
  A two-headed ogre (D:7)
  5 death yaks (Gauntlet)
  A necromancer (Gauntlet)
  A shining eye (Gauntlet)
  A gargoyle (D:11)
  An unseen horror (D:10)
  Grinder (D:3)
  A wyvern (D:8)
  A wraith (D:6)
  Sigmund (D:3)
  5 steam dragons
  Edmund (D:4)
  2 acid dragons (D:9)
  Duvessa (D:4)
  2 floating eyes (Gauntlet)
  A sky beast (D:5)
  A water moccasin (D:9)
  An ice beast (D:8)
  5 orc warriors
  4 small abominations (Gauntlet)
  4 black bears
  3 ogres (D:5)
  3 centaurs
  A phantom (D:7)
  5 kobold brigands
  A gnoll sergeant (D:9)
  2 bullfrogs
  A scorpion (D:6)
  A water moccasin skeleton (D:5)
  Dowan (D:4)
  14 killer bees
  8 wights
  4 centaur zombies
  6 orc priests
  A centaur skeleton (D:7)
  2 hounds
  A jelly (D:7)
  2 bullfrog skeletons
  A gnoll shaman (D:8)
  Jessica (D:2)
  4 iguanas
  9 orc wizards
  8 gnolls
  4 river rats (Sewer)
  12 adders
  A white imp (D:7)
  2 ufetubi
  An adder skeleton (D:4)
  3 worms
  3 dart slugs
  54 orcs
  10 bats
  5 endoplasms
  6 giant cockroaches
  7 goblins
  9 hobgoblins
  5 jackals
  11 quokkas
  9 ball pythons
  6 frilled lizards
  29 kobolds
  2 rats
  A spectral orc (D:6)
301 creatures vanquished.

Vanquished Creatures (others)
  2 orcs (D:9)
  2 plants (D:1)
  4 withered plants (Gauntlet)
8 creatures vanquished.

Grand Total: 309 creatures vanquished

Notes
Turn   | Place    | Note
-------+----------+-------------------------------------------
     0 | D:1      | demenzo the Minotaur Cinder Acolyte began the quest for the
                  | Orb.
     0 | D:1      | Reached XP level 1. HP: 19/19 MP: 1/1
   189 | D:1      | Reached XP level 2. HP: 27/27 MP: 2/2
   250 | D:1      | Found a faded altar of an unknown god.
   566 | D:1      | Reached skill level 1 in Armour
   716 | D:1      | Reached skill level 1 in Dodging
  1072 | D:2      | Found a runed translucent door.
  1073 | D:2      | Noticed Crazy Yiuf
  1227 | D:2      | Noticed Jessica
  1231 | D:2      | Killed Jessica
  1232 | D:2      | Reached XP level 3. HP: 30/33 MP: 3/3
  1592 | D:2      | Reached XP level 4. HP: 40/40 MP: 4/4
  1749 | D:2      | Identified the +10 quarterstaff of the Hand {drain, rPois
                  | rC+ Int+8}
  2206 | D:3      | Noticed Grinder
  2209 | D:3      | Paralysed by Grinder for 4 turns
  2225 | D:3      | Killed Grinder
  2226 | D:3      | Reached skill level 3 in Polearms
  2226 | D:3      | Reached XP level 5. HP: 22/47 MP: 5/5
  2226 | D:3      | Reached XP level 6. HP: 25/55 MP: 6/6
  2404 | D:3      | Found a snail-covered altar of Cheibriados.
  2416 | D:3      | Reached skill level 5 in Fighting
  2436 | D:3      | Found a hide-covered altar of Uskayaw.
  2484 | D:3      | Noticed Sigmund
  2493 | D:3      | Killed Sigmund
  2494 | D:3      | Reached skill level 4 in Polearms
  3079 | D:4      | Noticed Duvessa
  3079 | D:4      | Noticed Dowan
  3088 | D:4      | Killed Duvessa
  3089 | D:4      | Reached XP level 7. HP: 38/59 MP: 7/7
  3093 | D:4      | Killed Dowan
  3094 | D:4      | Reached skill level 5 in Polearms
  4002 | D:4      | Noticed Edmund
  4007 | D:4      | Killed Edmund
  4381 | D:5      | Entered Level 5 of the Dungeon
  4589 | D:5      | Reached skill level 6 in Polearms
  4589 | D:5      | Reached XP level 8. HP: 54/70 MP: 8/8
  4668 | D:5      | Found a staircase to the Ecumenical Temple.
  4703 | D:5      | Found Jiwnup's Assorted Antiques.
  4711 | D:5      | Bought a scroll labelled SUECOE RAMEAXT for 21 gold pieces
  4711 | D:5      | Bought a murky black potion for 18 gold pieces
  4711 | D:5      | Bought a silvery potion for 18 gold pieces
  4711 | D:5      | Bought a fuming white potion for 18 gold pieces
  4711 | D:5      | Bought a scroll labelled TEJYTA QEUNT for 21 gold pieces
  4717 | D:5      | Reached skill level 5 in Armour
  4879 | D:5      | Found a broken altar of Ashenzari.
  5205 | D:5      | Reached skill level 7 in Polearms
  5215 | D:5      | Reached skill level 5 in Staves
  5484 | D:6      | You fall into a shaft and drop 1 floor!
  5498 | D:6      | Identified the +8 chain mail of Hizo Ebu {Regen+}
  5545 | D:6      | Found a glowing drain.
  5561 | Sewer    | Entered a sewer
  6083 | D:6      | Reached skill level 8 in Polearms
  6129 | D:6      | Reached XP level 9. HP: 75/79 MP: 9/9
  6136 | D:6      | Found a hazy altar of Hepliaklqana.
  6191 | D:6      | Found a radiant altar of Vehumet.
  6223 | D:6      | Found a shimmering blue altar of Sif Muna.
  6784 | D:6      | Reached skill level 9 in Polearms
  7050 | D:7      | Noticed Harold
  7068 | D:7      | Killed Harold
  7083 | D:7      | Reached skill level 10 in Polearms
  7563 | D:7      | Reached XP level 10. HP: 87/90 MP: 10/10
  7765 | D:8      | Acquired a +0 cloak of stealth
  7773 | D:8      | Noticed a two-headed ogre
  7803 | D:7      | Killed a two-headed ogre
  7974 | D:8      | Reached skill level 11 in Polearms
  8296 | D:8      | Found a bloodstained altar of Trog.
  9162 | D:9      | Reached skill level 12 in Polearms
  9276 | D:9      | Found Sohuiw's Jewellery Emporium.
  9387 | D:10     | Entered Level 10 of the Dungeon
  9387 | D:10     | Found Ufoason's Jewellery Shop.
  9520 | D:10     | Found a staircase to the Lair.
  9530 | D:10     | Found Nurefuga's Distillery.
  9550 | D:10     | Bought a potion of heal wounds for 55 gold pieces
  9550 | D:10     | Bought a potion of haste for 110 gold pieces
  9553 | D:10     | Found a blossoming altar of Fedhas.
  9700 | D:10     | Reached XP level 11. HP: 99/99 MP: 11/11
  9717 | D:10     | Found Sucumm's Assorted Antiques.
  9746 | D:10     | Found Ujurheum's Antique Armour Emporium.
  9754 | D:10     | Bought a pair of masterwork boots for 237 gold pieces
  9754 | D:10     | Identified the +2 pair of boots of Circular Logic {*Slow
                  | rC+ Int+7} (You bought it in a shop on level 10 of the
                  | Dungeon)
  9859 | D:10     | Found a sparkling altar of Nemelex Xobeh.
  9946 | D:11     | Noticed a two-headed ogre
  9958 | D:11     | Found a gate leading to a gauntlet.
  9968 | D:11     | Reached skill level 10 in Fighting
  9987 | Gauntlet | Entered a Gauntlet
  9987 | Gauntlet | Noticed a shining eye
  9987 | Gauntlet | Found a transporter.
  9999 | Gauntlet | Found a transporter.
 10000 | Gauntlet | Found a transporter.
 10006 | Gauntlet | Found a runed translucent gate.
 10008 | Gauntlet | Found a transporter.
 10009 | Gauntlet | Found a runed translucent gate.
 10010 | Gauntlet | Found a runed translucent gate.
 10011 | Gauntlet | Found a transporter.
 10012 | Gauntlet | Found a transporter.
 10014 | Gauntlet | Noticed a death yak
 10014 | Gauntlet | Noticed a death yak
 10014 | Gauntlet | Noticed a death yak
 10015 | Gauntlet | Noticed a death yak
 10016 | Gauntlet | Noticed a death yak
 10017 | Gauntlet | Noticed a necromancer
 10021 | Gauntlet | Found a transporter.
 10024 | Gauntlet | Found a transporter.
 10025 | Gauntlet | Found a transporter.
 10033 | Gauntlet | Found a transporter.
 10036 | Gauntlet | Found a transporter.
 10037 | Gauntlet | Found a transporter.
 10041 | Gauntlet | Found a runed translucent door.
 10041 | Gauntlet | Noticed a dire elephant
 10043 | Gauntlet | Found a runed translucent door.
 10045 | Gauntlet | Found a transporter.
 10105 | Gauntlet | Found a transporter.
 10127 | Gauntlet | Killed a shining eye
 10184 | Gauntlet | Killed a necromancer
 10189 | Gauntlet | Identified the +4 war axe "Hexusm" {freeze, *Rage +Blink
                  | rC+++ rCorr}
 10203 | Gauntlet | Killed a death yak
 10204 | Gauntlet | Reached skill level 13 in Polearms
 10213 | Gauntlet | Killed a death yak
 10218 | Gauntlet | Killed a death yak
 10221 | Gauntlet | Killed a death yak
 10222 | Gauntlet | Reached skill level 10 in Armour
 10224 | Gauntlet | Killed a death yak
 10277 | Gauntlet | Identified the +8 scimitar of Exyr {venom, rN+++ rCorr MP-9
                  | Dex-5}
 10277 | Gauntlet | Noticed a minotaur
 10292 | Gauntlet | HP: 5/101 [minotaur/the +8 scimitar of Exyr {venom, rN+++
                  | rCorr MP-9 Dex-5} (11)]
 10293 | Gauntlet | Hit by a javelin thrown by a minotaur

Illustrated notes

Levels and vault maps discovered:
D:1:      lightli_arrival_statue_moat, layout_loops_corners,
          shapermc_ecumenical_altar_mp_ritualfount, serial_bayou_pond_e
D:2:      layout_loops_corners, minmay_tromino_mix6, uniq_crazy_yiuf_cottage,
          uniq_jessica
D:3:      layout_basic, cheibriados_altar_1, lemuel_round_altar,
          minmay_misc_feat_rows, uniq_sigmund, uniq_grinder
D:4:      layout_basic, uniq_duvessa, uniq_edmund
D:5:      layout_basic, ashenzari_altar_1, minmay_temple_entry_statues_pillars,
          serial_shops, shop_statue
D:6:      layout_basic, nicolae_sif_muna_little_library,
          nicolae_hepliaklqana_monster_ancestors, vehumet_altar_wand_db,
          gup_sewer_entry_pipe
D:7:      layout_rooms, uniq_harold
D:8:      layout_basic, trog_ov_bears_minmay, serial_corexii_hall,
          chequers_hall_statues_y, chequers_hall_statues_corner_a,
          grunt_ministairs_5, hangedman_decor_growths, hangedman_decor_lopped
D:9:      layout_roguey, special_room [special_room_orc], serial_shops,
          nicolae_shop_advertising_works [nicolae_subvault_shop_adworks]
D:10:     layout_big_octagon, minitemple, lair_entry_dummy, serial_shops, shop,
          shop_statue, shop, shop
D:11:     layout_rooms, david_orc_5, nicolae_trove_entry_diagonal,
          gauntlet_entry_generic
Gauntlet: gammafunk_gauntlet_77_escape_option
          [minmay_gauntlet_arena_77_radiant_squares,
          minmay_gauntlet_arena_77_run_for_it, minmay_gauntlet_arena_77_museum,
          minmay_gauntlet_arena_77_terracotta_army,
          minmay_gauntlet_arena_77_cramped, gauntlet_exit_hidden_loot]

Skill      XL: |  1  2  3  4  5  6  7  8  9 10 11 |
---------------+----------------------------------+-----
Axes           | 4 |  4.8
Armour         | 1 3 4 6 7 9 10 | 10.1
Dodging        | 1 |  1.0
Fighting       | 4 5 6 7 8 9 10 | 10.8
Polearms       | 3 4 6 8 10 12 13 | 13.6
Staves         | 2 3 4 5 7 8 9 |  9.8
Spellcasting   | |  1.0
Fire Magic     | |  2.1

Action                   |  1- 3 |  4- 6 |  7- 9 | 10-12 || total
-------------------------+-------+-------+-------+-------++-------
Melee: Hand axe          |    61 |    21 |       |       ||    82
       Headbutt          |     6 |     8 |    37 |    46 ||    97
       Quarterstaff      |       |    58 |   286 |   271 ||   615
       Punch             |       |     1 |       |       ||     1
Invok: Fiery Armour      |       |     2 |       |     2 ||     4
Evoke: Wand              |       |     1 |       |     1 ||     2
  Use: Scroll            |       |       |       |    23 ||    23
       Potion            |       |       |       |     5 ||     5
 Stab: Paralysed         |       |     1 |       |       ||     1
       Invisible         |       |       |       |     3 ||     3
Armor: Robe              |     9 |       |       |       ||     9
       Plate armour      |    16 |    70 |    56 |       ||   142
       Chain mail        |       |       |   144 |   192 ||   336
Dodge: Dodged            |    39 |    23 |   114 |   128 ||   304
